MLB
COLORADO ROCKIES @ PITTSBURGH PIRATES
08/06/2041
 
TOP OF THE 1ST
Colorado Rockies batting - Pitching for Pittsburgh Pirates : RHP Bobby Ward
Pitching: RHP Bobby Ward
Batting: RHB Ron Long 0-0: Ball
1-0: Swinging Strike
1-1: Swinging Strike
1-2: Ball
2-2: Ball
3-2: Ground out 4-3 (Groundball, 4S, EV 80.6 MPH)
Batting: LHB Eric Merritt 0-0: Ball
1-0: Ball
2-0: Ball
3-0: Base on Balls
Batting: RHB Derek Hallyard 0-0: Foul Ball, location: 2F
0-1: Ball
1-1: Fielders Choice at 2nd, 5-4 (Groundball, 56S, EV 85.6 MPH)
Batting: LHB Pancho Cervantez 0-0: Called Strike
0-1: Foul Ball, location: 5FF
0-2: Ball
1-2: Fly out, F8 (Flyball, 8RD, EV 85.0 MPH)
Top of the 1st over - 0 runs, 0 hits, 0 errors, 1 left on base; Colorado 0 - Pittsburgh 0
BOTTOM OF THE 1ST
Pittsburgh Pirates batting - Pitching for Colorado Rockies : RHP Iván Povey
Pitching: RHP Iván Povey
Batting: LHB Raúl Gallegos 0-0: Ball
1-0: Foul Ball, location: 2LF
1-1: Foul Ball, location: 3DF
1-2: Ball
2-2: Strikes out swinging
Batting: LHB Devin Henderson 0-0: Ball
1-0: Swinging Strike
1-1: Ball
2-1: Foul Ball, location: 7LMF
2-2: Ball
3-2: Foul Ball, location: 9LMF
3-2: Strikes out swinging
Batting: LHB Cisco Silva 0-0: Called Strike
0-1: Foul Ball, location: 2F
0-2: Ball
1-2: Ball
2-2: SINGLE (Groundball, 6MD, EV 107.5 MPH)
Batting: LHB Jeff Dickson 0-0: Called Strike
0-1: Ground out 1-3 (Groundball, 34S, EV 71.9 MPH)
Bottom of the 1st over - 0 runs, 1 hit, 0 errors, 1 left on base; Colorado 0 - Pittsburgh 0
TOP OF THE 2ND
Colorado Rockies batting - Pitching for Pittsburgh Pirates : RHP Bobby Ward
Batting: LHB António Caligas 0-0: Ball
1-0: Ball
2-0: Ball
3-0: Called Strike
3-1: Base on Balls
Batting: RHB Kurt Carpenter 0-0: Fielders Choice at 2nd, 2-6 (Groundball, 2R, EV 68.1 MPH)
Batting: LHB Juan Barrón 0-0: Grounds into double play, 4-6-3 (Groundball, 4, EV 87.5 MPH)
Top of the 2nd over - 0 runs, 0 hits, 0 errors, 0 left on base; Colorado 0 - Pittsburgh 0
BOTTOM OF THE 2ND
Pittsburgh Pirates batting - Pitching for Colorado Rockies : RHP Iván Povey
Batting: LHB Josh Mason 0-0: Ball
1-0: Foul Ball, location: 3DF
1-1: Ball
2-1: Foul Ball, location: 2F
2-2: Ball
3-2: Foul Ball, location: 2F
3-2: Fly out, F7 (Flyball, 7LSF, EV 98.1 MPH)
Batting: LHB Juan Padilla 0-0: DOUBLE (Line Drive, 7LS, EV 92.5 MPH)
Batting: LHB José Velasco 0-0: Ball
1-0: Called Strike
1-1: Ball
2-1: Called Strike
2-2: Strikes out looking
Batting: RHB Al Sexton 0-0: Called Strike
0-1: Swinging Strike
0-2: Strikes out swinging
Bottom of the 2nd over - 0 runs, 1 hit, 0 errors, 1 left on base; Colorado 0 - Pittsburgh 0
TOP OF THE 3RD
Colorado Rockies batting - Pitching for Pittsburgh Pirates : RHP Bobby Ward
Batting: LHB Juan Costa 0-0: Ball
1-0: Ball
2-0: Called Strike
2-1: Ball
3-1: Ground out 4-3 (Groundball, 4S, EV 91.9 MPH)
Batting: LHB Andy Bean 0-0: Ball
1-0: Swinging Strike
1-1: Hit by Pitch
Batting: RHB Ron Long 0-0: Ball
1-0: Swinging Strike
1-1: Called Strike
1-2: Foul Ball, location: 2F
1-2: Strikes out looking
Batting: LHB Eric Merritt 0-0: Ball
1-0: Ball
2-0: Called Strike
2-1: SINGLE (Line Drive, 78S, EV 86.3 MPH)
Andy Bean to second
Batting: RHB Derek Hallyard 0-0: Called Strike
0-1: Ball
1-1: Ball
2-1: Foul Ball, location: 2LF
2-2: Foul Ball, location: 2F
2-2: DOUBLE (Flyball, 89D, EV 91.9 MPH)
Andy Bean scores
Eric Merritt to third
Runner from 3rd tries for Home, SAFE, throw by CF to trailing runner, SAFE at third!
Batting: LHB Pancho Cervantez 0-0: Foul Ball, location: 7LDF
0-1: Foul Ball, location: 2F
0-2: Fly out, F5 (Popup, 5SF, EV 82.5 MPH)
Top of the 3rd over - 2 runs, 2 hits, 0 errors, 1 left on base; Colorado 2 - Pittsburgh 0
BOTTOM OF THE 3RD
Pittsburgh Pirates batting - Pitching for Colorado Rockies : RHP Iván Povey
Batting: RHB José Fajardo 0-0: SINGLE (Groundball, 6MD, EV 103.8 MPH) (infield hit)
Batting: LHB Raúl Gallegos 0-0: Grounds out, U3 (Groundball, 3L, EV 103.8 MPH)
Batting: LHB Devin Henderson 0-0: Ball
1-0: Ball
2-0: Ball
3-0: Called Strike
3-1: Ground out 4-3 (Groundball, 4, EV 105.0 MPH)
José Fajardo to third
Batting: LHB Cisco Silva 0-0: Called Strike
0-1: Called Strike
0-2: Strikes out looking
Bottom of the 3rd over - 0 runs, 1 hit, 0 errors, 1 left on base; Colorado 2 - Pittsburgh 0
TOP OF THE 4TH
Colorado Rockies batting - Pitching for Pittsburgh Pirates : RHP Bobby Ward
Batting: LHB António Caligas 0-0: Ball
1-0: Called Strike
1-1: Foul Ball, location: 2F
1-2: Foul Ball, location: 7LSF
1-2: Foul Ball, location: 2F
1-2: Hit by Pitch
Batting: RHB Kurt Carpenter 0-0: Sac Bunt to 3S - play at second, runner OUT! 3-6
Batting: LHB Juan Barrón 0-0: Ball
1-0: Foul Ball, location: 25F
1-1: Ball
2-1: Called Strike
2-2: DOUBLE (Line Drive, 7LM, EV 101.3 MPH)
Kurt Carpenter to third
Batting: LHB Juan Costa 0-0: Called Strike
0-1: Ball
1-1: Ball
2-1: Called Strike
2-2: DOUBLE (Flyball, 89D, EV 103.8 MPH)
Kurt Carpenter scores
Juan Barrón scores
Batting: LHB Andy Bean 0-0: Called Strike
0-1: Ball
1-1: Foul Ball, location: 2F
1-2: Foul Ball, location: 5DF
1-2: Ball
2-2: Ball
3-2: Strikes out swinging
Batting: RHB Ron Long 0-0: Fly out, F7 (Flyball, 7D, EV 99.4 MPH)
Top of the 4th over - 2 runs, 2 hits, 0 errors, 1 left on base; Colorado 4 - Pittsburgh 0
BOTTOM OF THE 4TH
Pittsburgh Pirates batting - Pitching for Colorado Rockies : RHP Iván Povey
Batting: LHB Jeff Dickson 0-0: Called Strike
0-1: Foul Ball, location: 9LMFF
0-2: Ball
1-2: Fly out, F7 (Line Drive, 7LM, EV 106.9 MPH)
Batting: LHB Josh Mason 0-0: Ball
1-0: Foul Ball, location: 7LSF
1-1: Called Strike
1-2: DOUBLE (Flyball, 89XD, EV 100.0 MPH)
Batting: LHB Juan Padilla 0-0: Called Strike
0-1: DOUBLE (Groundball, 3L, EV 100.0 MPH)
Josh Mason scores
Batting: LHB José Velasco 0-0: Foul Ball, location: 5F
0-1: Foul Ball, location: 3F
0-2: Ball
1-2: Strikes out swinging
Batting: RHB Al Sexton 0-0: Ball
1-0: Ball
Passed Ball!
Juan Padilla to third
2-0: Ball
3-0: Called Strike
3-1: TRIPLE (Line Drive, 9LD, EV 101.3 MPH)
Juan Padilla scores
Batting: RHB José Fajardo 0-0: Ball
1-0: Foul Ball, location: 25F
1-1: Ball
2-1: Ball
3-1: Base on Balls
Batting: LHB Raúl Gallegos 0-0: Called Strike
0-1: Fly out, F9 (Flyball, 9LSF, EV 88.8 MPH)
Bottom of the 4th over - 2 runs, 3 hits, 0 errors, 2 left on base; Colorado 4 - Pittsburgh 2
TOP OF THE 5TH
Colorado Rockies batting - Pitching for Pittsburgh Pirates : RHP Bobby Ward
Batting: LHB Eric Merritt 0-0: Ball
1-0: Ball
2-0: Ball
3-0: Called Strike
3-1: Foul Ball, location: 2F
3-2: Strikes out looking
Batting: RHB Derek Hallyard 0-0: Called Strike
0-1: Ball
1-1: Fly out, F8 (Flyball, 8LD, EV 90.6 MPH)
Batting: LHB Pancho Cervantez 0-0: Called Strike
0-1: Ball
1-1: Ball
2-1: Swinging Strike
2-2: Foul Ball, location: 2F
2-2: Foul Ball, location: 2RF
2-2: Strikes out swinging, 2-3 out at first.
Top of the 5th over - 0 runs, 0 hits, 0 errors, 0 left on base; Colorado 4 - Pittsburgh 2
BOTTOM OF THE 5TH
Pittsburgh Pirates batting - Pitching for Colorado Rockies : RHP Iván Povey
Batting: LHB Devin Henderson 0-0: Ground out U3 (Groundball, 3, EV 81.3 MPH)
Batting: LHB Cisco Silva 0-0: Ball
1-0: Foul Ball, location: 5FF
1-1: Ground out 4-3 (Groundball, 4M, EV 91.3 MPH)
Batting: LHB Jeff Dickson 0-0: Foul Ball, location: 2F
0-1: Ball
1-1: Ball
2-1: Ball
3-1: SINGLE (Groundball, 34D, EV 102.5 MPH)
Batting: LHB Josh Mason 0-0: Ball
1-0: Foul Ball, location: 2LF
1-1: Foul Ball, location: 2F
1-2: Foul Ball, location: 2F
1-2: Ground out 2-3 (Groundball, 2L, EV 65.6 MPH)
Bottom of the 5th over - 0 runs, 1 hit, 0 errors, 1 left on base; Colorado 4 - Pittsburgh 2
TOP OF THE 6TH
Colorado Rockies batting - Pitching for Pittsburgh Pirates : RHP Bobby Ward
Batting: LHB António Caligas 0-0: Called Strike
0-1: Ball
1-1: Ball
2-1: Called Strike
2-2: Ball
3-2: Ground out 4-3 (Groundball, 4, EV 81.3 MPH)
Batting: RHB Kurt Carpenter 0-0: Ball
1-0: Called Strike
1-1: Ball
2-1: Ball
3-1: Base on Balls
Batting: LHB Juan Barrón 0-0: Swinging Strike
0-1: Ball
1-1: Ball
2-1: SINGLE (Groundball, 56D, EV 110.0 MPH)
Kurt Carpenter to second
Pitching: RHP Tim Mitchell
Batting: LHB Juan Costa 0-0: Foul Ball, location: 2F
0-1: Swinging Strike
0-2: Ball
1-2: Ball
2-2: Strikes out swinging
Batting: LHB Andy Bean 0-0: Ball
1-0: Foul Ball, location: 2F
1-1: Swinging Strike
1-2: Strikes out swinging
Top of the 6th over - 0 runs, 1 hit, 0 errors, 2 left on base; Colorado 4 - Pittsburgh 2
BOTTOM OF THE 6TH
Pittsburgh Pirates batting - Pitching for Colorado Rockies : RHP Iván Povey
Batting: LHB Juan Padilla 0-0: Ground out 5-3 (Groundball, 56, EV 101.3 MPH)
Batting: LHB José Velasco 0-0: Called Strike
0-1: Called Strike
0-2: Ball
1-2: Foul Ball, location: 2F
1-2: Ball
2-2: TRIPLE (Line Drive, 89XD, EV 107.5 MPH)
Batting: RHB Al Sexton 0-0: Called Strike
0-1: Foul Ball, location: 2F
0-2: Ball
1-2: Fielders Choice at home, 5-2 (Groundball, 56, EV 78.1 MPH)
Batting: RHB José Fajardo 0-0: Fielders Choice at 2nd, 6-4 (Groundball, 6, EV 92.5 MPH)
Bottom of the 6th over - 0 runs, 1 hit, 0 errors, 1 left on base; Colorado 4 - Pittsburgh 2
TOP OF THE 7TH
Colorado Rockies batting - Pitching for Pittsburgh Pirates : RHP Tim Mitchell
Batting: RHB Ron Long 0-0: Called Strike
0-1: Foul Ball, location: 2F
0-2: Ball
1-2: Ball
2-2: Fly out, F8 (Flyball, 8RD, EV 104.4 MPH)
Batting: LHB Eric Merritt 0-0: Ball
1-0: Called Strike
1-1: Ball
2-1: Swinging Strike
2-2: Strikes out looking
Batting: RHB Derek Hallyard 0-0: Called Strike
0-1: Ground out 4-3 (Groundball, 4, EV 78.8 MPH)
Top of the 7th over - 0 runs, 0 hits, 0 errors, 0 left on base; Colorado 4 - Pittsburgh 2
BOTTOM OF THE 7TH
Pittsburgh Pirates batting - Pitching for Colorado Rockies : RHP Iván Povey
Batting: LHB Raúl Gallegos 0-0: DOUBLE (Flyball, 78D, EV 109.4 MPH)
Batting: LHB Devin Henderson 0-0: Ground out 4-3 (Groundball, 4, EV 86.9 MPH)
Raúl Gallegos to third
Batting: LHB Cisco Silva 0-0: Foul Ball, location: 2F
0-1: Ball
1-1: Swinging Strike
1-2: Foul Ball, location: 5FF
1-2: Ball
2-2: 2-RUN HOME RUN (Flyball, 9D, EV 100.0 MPH), Distance : 379 ft
Batting: LHB Jeff Dickson 0-0: Called Strike
0-1: Ball
1-1: Ball
2-1: Ball
3-1: SINGLE (Groundball, 34D, EV 101.3 MPH)
Pitching: RHP Ánibal Cordero
Batting: LHB Josh Mason 0-0: Ball
1-0: Ball
2-0: Ball
3-0: Base on Balls
Jeff Dickson to second
Batting: LHB Juan Padilla 0-0: Called Strike
0-1: Ball
1-1: Fly out, F6 (Popup, 56, EV 67.5 MPH)
Batting: LHB José Velasco 0-0: Ball
1-0: Called Strike
1-1: Ball
2-1: Ball
3-1: Base on Balls
Jeff Dickson to third
Josh Mason to second
Batting: RHB Al Sexton 0-0: Ball
1-0: SINGLE (Line Drive, 9S, EV 93.8 MPH)
Jeff Dickson scores
Josh Mason to third
José Velasco to second
Runner from 3rd tries for Home, throw by RF and OUT! 9-2
Bottom of the 7th over - 3 runs, 4 hits, 0 errors, 2 left on base; Colorado 4 - Pittsburgh 5
TOP OF THE 8TH
Colorado Rockies batting - Pitching for Pittsburgh Pirates : RHP Tim Mitchell
Pitching: LHP Damian Wiley
Batting: LHB Pancho Cervantez 0-0: Called Strike
0-1: Called Strike
0-2: Foul Ball, location: 3FF
0-2: Foul Ball, location: 7LDF
0-2: Ball
1-2: Ball
2-2: Ball
3-2: SINGLE (Flyball, 78S, EV 96.3 MPH)
Batting: LHB António Caligas 0-0: Called Strike
0-1: Foul Ball, location: 3DF
0-2: Ball
1-2: Foul Ball, location: 2F
1-2: Ball
Wild Pitch!
Pancho Cervantez to second
2-2: Ball
3-2: Foul Ball, location: 2F
3-2: Strikes out swinging
Batting: RHB Kurt Carpenter 0-0: Ball
1-0: Ball
2-0: Foul Ball, location: 9LMF
2-1: Called Strike
2-2: Ball
3-2: Fly out, F8 (Flyball, 89S, EV 89.4 MPH)
Batting: LHB Juan Barrón 0-0: Ball
1-0: Ball
2-0: Called Strike
2-1: Fly out, F9 (Flyball, 9D, EV 95.6 MPH)
Top of the 8th over - 0 runs, 1 hit, 0 errors, 1 left on base; Colorado 4 - Pittsburgh 5
BOTTOM OF THE 8TH
Pittsburgh Pirates batting - Pitching for Colorado Rockies : RHP Ánibal Cordero
Batting: RHB José Fajardo 0-0: Ball
1-0: Foul Ball, location: 2LF
1-1: Called Strike
1-2: Foul Ball, location: 2F
1-2: Ground out 4-3 (Groundball, 4, EV 87.5 MPH)
Batting: LHB Raúl Gallegos 0-0: Reached on error, E6 (Groundball, 6M, EV 83.1 MPH)
Batting: LHB Devin Henderson 0-0: Ball
1-0: Called Strike
1-1: Ball
2-1: Foul Ball, location: 2F
2-2: Strikes out looking
Batting: LHB Cisco Silva 0-0: Intentional Walk
Pitching: LHP Johnny George
Batting: LHB Jeff Dickson 0-0: Ball
1-0: Ball
2-0: Ball
3-0: Called Strike
3-1: Base on Balls
Raúl Gallegos to third
Cisco Silva to second
Batting: LHB Josh Mason 0-0: Ball
1-0: Ball
2-0: Ball
3-0: Base on Balls
Raúl Gallegos scores
Cisco Silva to third
Jeff Dickson to second
Batting: LHB Juan Padilla 0-0: Ground out U3 (Groundball, 3, EV 93.1 MPH)
Bottom of the 8th over - 1 run, 0 hits, 1 error, 3 left on base; Colorado 4 - Pittsburgh 6
TOP OF THE 9TH
Colorado Rockies batting - Pitching for Pittsburgh Pirates : LHP Damian Wiley
Pinch Hitting: RHB Joe Thompson 0-0: Swinging Strike
0-1: Foul Ball, location: 9LMF
0-2: Strikes out swinging
Pinch Hitting: RHB Jared Tebazalwa 0-0: Ball
1-0: Ball
2-0: Called Strike
2-1: Swinging Strike
2-2: Strikes out looking
Batting: RHB Ron Long 0-0: Called Strike
0-1: Ball
1-1: Swinging Strike
1-2: Strikes out swinging
Top of the 9th over - 0 runs, 0 hits, 0 errors, 0 left on base; Colorado 4 - Pittsburgh 6
Sunday, March 24th , 2024 - OOTP Baseball 24.10 Build 82